 Dungeon Crawl Stone Soup version 0.24-a0-581-gc0fa6600bf (webtiles) character file.

Game seed: 15145888999711109208

36 Amnesiac the Vexing (level 3, -1/19 HPs)
             Began as a Deep Elf Enchanter on Aug 23, 2019.
             Slain by an adder (4 damage)
             ... on level 2 of the Dungeon.
             The game lasted 00:03:24 (974 turns).

Amnesiac the Vexing (Deep Elf Enchanter)             Turns: 974, Time: 00:03:25

Health: -1/19      AC:  2    Str:  5    XL:     3   Next: 19%
Magic:  10/10      EV: 13    Int: 19    God:
Gold:   57         SH:  0    Dex: 16    Spells: 9/9 levels left

rFire    . . .     SeeInvis .   a - +1 dagger
rCold    . . .     Gourm    .   (no shield)
rNeg     . . .     Faith    .   e - +0 robe
rPois    .         Spirit   .   (no helmet)
rElec    .         Reflect  .   (no cloak)
rCorr    .         Harm     .   (no gloves)
MR       .....                  (no boots)
Stlth    +++.......             (no amulet)
HPRegen  0.06/turn              (no ring)
MPRegen  0.12/turn              (no ring)

@: no status effects
A: no striking features
a: no special abilities


You were on level 2 of the Dungeon.
You were not hungry.

You visited 1 branch of the dungeon, and saw 4 of its levels.

You collected 57 gold pieces.

Inventory:

Hand Weapons
 a - a +1 dagger (weapon)
 b - a +0 hunting sling
Armour
 e - a +0 robe (worn)
 g - a cursed +0 buckler
Scrolls
 c - a scroll of amnesia
Comestibles
 d - a ration


   Skills:
 + Level 1.6 Short Blades
 + Level 2.9 Dodging
 - Level 4.0 Stealth
 * Level 3.9 Spellcasting
   Level 4.0 Hexes


You had 9 spell levels left.
You didn't know any spells.
Your spell library contained the following spells:

 Spells                   Type           Power        Failure   Level  Hunger
 Corona                   Hex            ###....      2%          1    None
 Confuse                  Hex            ###.....     8%          3    ###....
 Tukima's Dance           Hex            ###.....     8%          3    ###....
 Ensorcelled Hibernation  Hex/Ice        ##....       9%          2    ##.....
 Dazzling Spray           Conj/Hex       ##....       19%         3    ###....


Dungeon Overview and Level Annotations

Branches:
Dungeon (4/15)
 Temple: D:4-7

Altars:

Annotations:
D:4 Sigmund


Message History

You don't know any spells.
You aren't carrying any potions.
Unknown command.
Wield which item (- for none, * to show all)? (? for menu, Esc to quit)
Okay, then.
Wield which item (- for none, * to show all)? (? for menu, Esc to quit)
Okay, then.
Wear which item? (? for menu, Esc to quit)
The adder bites you.
Keep equipping yourself?
* * * LOW HITPOINT WARNING * * *
You start putting on your armour.
You continue putting on your buckler.
The adder closely misses you. The adder barely misses you.
You continue putting on your buckler.
The adder misses you.
You continue putting on your buckler.
The adder barely misses you.
You continue putting on your buckler.
The adder bites you.
You die...

.. #......#
#.#.##.#####
#.# .
########
#..^...# ##
#.# ##.#####
. ..#
#......#.#
###
#..###.#.####
#..#........#
#....#)#.##.#
#.####.#
#.S@...#
########


You could see an adder.

Vanquished Creatures
  An orc priest (D:4)
  A goblin (D:1)
  A hobgoblin (D:1)
  A jackal (D:2)
  A ball python (D:2)
  3 bats
8 creatures vanquished.

Notes
Turn   | Place    | Note
-------+----------+-------------------------------------------
     0 | D:1      | Amnesiac the Deep Elf Enchanter began the quest for the
                  | Orb.
     0 | D:1      | Reached XP level 1. HP: 10/10 MP: 6/6
   846 | D:3      | Noticed an orc wizard
   846 | D:3      | Noticed an orc wizard
   847 | D:3      | Noticed an orc wizard
   851 | D:4      | Noticed a worker ant
   867 | D:4      | Noticed a worker ant
   895 | D:4      | Noticed Sigmund
   908 | D:4      | Noticed an orc priest
   910 | D:4      | Killed an orc priest
   910 | D:4      | Reached XP level 2. HP: 12/15 MP: 6/8
   910 | D:4      | Reached XP level 3. HP: 15/19 MP: 7/10
   974 | D:2      | Slain by an adder

Levels and vault maps discovered:
D:1:      lightli_arrival_isolated_outpost, layout_basic
D:2:      layout_loops_cross, nicolae_overflow_crystal_walls, marbit_many_paths,
          vehumet_crystals
D:3:      minmay_angry_zag, layout_loops_cross, old_standard_altar,
          yredelemnul_forgotten_temple_becter, lemuel_coloured_pillars_altar,
          lemuel_crystal_altar, kennysheep_orc_chapel
D:4:      layout_loops_ring, serial_shops, nicolae_shop_behind_doors,
          first_ration, minmay_manual_moon, uniq_sigmund

Skill      XL: |  1 |
---------------+----+-----
Stealth        | 4 |  4.0
Short Blades   | |  1.6
Dodging        | |  2.9
Spellcasting   | |  3.9
Hexes          | |  4.0

Action                   || total
-------------------------++-------
Melee: Dagger            ||    37
 Cast: Corona            ||     9
  Use: Scroll            ||     3
 Stab: Sleeping          ||     3
Armor: Robe              ||     9
Dodge: Dodged            ||    55

Table legend:
 A = Non-vault XP
 B = Vault XP
 C = Vault XP percentage of total XP
 D = Non-vault monster count
 E = Vault monster count
 F = Vault count percentage of total count
                 A         B        C        D         E       F
            +---------+---------+-------+---------+---------+-------
      Total |      52 |       0 |   0.0 |       8 |       0 |   0.0
            +---------+---------+-------+---------+---------+-------
        D:1 |       7 |       0 |   0.0 |       4 |       0 |   0.0
        D:2 |       4 |       0 |   0.0 |       3 |       0 |   0.0
        D:4 |      41 |       0 |   0.0 |       1 |       0 |   0.0
            +---------+---------+-------+---------+---------+-------
